 Dungeon Crawl Stone Soup version 0.30-a0-469-g84de5afbc5 (webtiles) character file.

Game seed: 7971944455886646265

33348 bande the Cleaver (level 13, -8/120 HPs)
             Began as a Gargoyle Fighter on Dec 20, 2022.
             Was a High Priest of Okawaru.
             Mangled by a cane toad (15 damage)
             ... on level 5 of the Lair of Beasts.
             The game lasted 00:27:05 (16621 turns).

bande the Cleaver (Gargoyle Fighter)               Turns: 16621, Time: 00:27:07

Health: -8/120     AC: 30    Str: 19    XL:     13   Next: 70%
Magic:  17/17      EV: 10    Int:  8    God:    Okawaru [*****.]
Gold:   932        SH: 12    Dex: 13    Spells: 12/12 levels left

rFire   . . .      SeeInvis .    T - +1 war axe (elec)
rCold   + + .      Faith    .    w - +1 kite shield
rNeg    + . .      Spirit   .    u - +2 chain mail {rC+}
rPois   ∞          Reflect  .    t - +0 helmet
rElec   +          Harm     .    D - +2 cloak
rCorr   .          Rampage  .    M - +1 pair of gloves
Will    +++..      Rage     50%  (no boots)
Stlth   ..........               j - necklace of Bloodlust {*Rage Will++ Int-3 Slay+6}
HPRegen 0.40/turn                v - +4 ring of evasion
MPRegen 0.15/turn                m - ring of willpower

@: berserking, very quick
A: sickness immunity, AC +9, negative energy resistance 1, electricity
resistance, torment resistance 1, petrification resistance, hooves 1, cold
resistance 1
a: Renounce Religion, Heroism, Finesse, Duel


You were on level 5 of the Lair of Beasts.
You worshipped Okawaru.
Okawaru was extremely pleased with you.
You visited 3 branches of the dungeon, and saw 18 of its levels.
You also visited: Ossuary.

You collected 932 gold pieces.

Inventory:

Hand Weapons
 a - a +1 war axe of draining
 l - the +9 mace of Grandeur {vorpal, rPois Will- Int+6}
   (You found it on level 2 of the Dungeon)

   It inflicts extra damage upon your enemies.
   Int:       It affects your intelligence (+6).
   rPois:     It protects you from poison.
   Will:      It decreases your willpower.
 T - a +1 war axe of electrocution (weapon)
Armour
 t - a +0 helmet (worn)
 u - a +2 chain mail of cold resistance (worn)
 w - a +1 kite shield (worn)
 D - a +2 cloak (worn)
 M - a +1 pair of gloves (worn)
 Z - a +0 plate armour
Jewellery
 j - the necklace of Bloodlust (around neck) {*Rage Will++ Int-3 Slay+6}
   (You found it on level 8 of the Dungeon)

   [amulet of nothing]

   It extends the wearer's berserk rage when killing foes.
   Int:       It affects your intelligence (-3).
   Slay:      It affects your accuracy & damage with ranged weapons and melee
   (+6).
   *Rage:     It berserks you when you make melee attacks (+50% chance).
   Will:      It greatly increases your willpower.
 m - a ring of willpower (right hand)
 n - a ring of ice
 o - a +6 ring of dexterity
 r - a ring of wizardry
 v - a +4 ring of evasion (left hand)
 C - a +6 ring of dexterity
 E - a +6 ring of intelligence
 H - a ring of flight
 O - a +6 ring of strength
 U - a +6 ring of intelligence
Wands
 c - a wand of roots (17)
 h - a wand of charming (11)
 s - a wand of polymorph (14)
 G - a wand of digging (6)
 K - a wand of flame (29)
 Q - a wand of acid (6)
Scrolls
 g - 2 scrolls of enchant weapon
 i - 4 scrolls of fog
 k - a scroll of poison
 y - 3 scrolls of teleportation
 z - 2 scrolls of fear
 I - 2 scrolls of silence
 J - 2 scrolls of enchant armour
 L - a scroll of blinking
 S - 4 scrolls of identify
 W - a scroll of brand weapon
 X - a scroll of amnesia
Potions
 b - 6 potions of flight
 d - 3 potions of might
 e - 5 potions of haste
 f - 13 potions of curing
 p - 2 potions of mutation
 q - 2 potions of invisibility
 x - 4 potions of cancellation
 A - 5 potions of brilliance
 B - 2 potions of berserk rage {unknown}
 F - 2 potions of ambrosia
 N - a potion of magic {unknown}
 P - 2 potions of resistance {unknown}
 R - a potion of lignification {unknown}
 V - 2 potions of heal wounds


   Skills:
 + Level 9.5 Fighting
 + Level 13.0 Axes
 + Level 10.1 Armour
 + Level 10.0 Shields
 * Level 6.1 Invocations
 * Level 9.1 Evocations


You had 12 spell levels left.
You didn't know any spells.
Your spell library contained the following spells:

 Spells                   Type           Power      Damage    Failure   Level
 Foxfire                  Conj/Fire      0%         2x1d4     100%        1
 Magic Dart               Conj           0%         1d3       100%        1
 Necrotise                Necr           0%         1d4       100%        1
 Static Discharge         Conj/Air       0%         2-2/arc   100%        2
 Gell's Gravitas          Tloc           0%         N/A       100%        3
 Mephitic Cloud           Conj/Pois/Air  0%         N/A       100%        3
 Portal Projectile        Hex/Tloc       0%         N/A       100%        3
 Teleport Other           Tloc           0%         N/A       100%        3
 Vampiric Draining        Necr           0%         2d6       100%        3
 Vhi's Electric Charge    Tloc/Air       0%         N/A       100%        3
 Agony                    Necr           0%         N/A       100%        5
 Arcjolt                  Conj/Air       0%         1d10      100%        5
 Blade Hands              Tmut           0%         N/A       100%        5
 Fireball                 Conj/Fire      0%         3d3       100%        5
 Lightning Bolt           Conj/Air       0%         1d11      100%        5
 Dispersal                Tloc           0%         N/A       100%        6
 Iron Shot                Conj/Erth      0%         9d1       100%        6
 Starburst                Conj/Fire      0%         6d3       100%        6
 Call Imp                 Summ           Unusable   N/A       N/A         2
 Tukima's Dance           Hex            Unusable   N/A       N/A         3
 Animate Armour           Summ/Erth      Unusable   N/A       N/A         4
 Malign Gateway           Summ/Tloc      Unusable   N/A       N/A         7
 Summon Horrible Things   Summ           Unusable   N/A       N/A         8

Dungeon Overview and Level Annotations

Branches:
Dungeon (12/15)            Temple (1/1) D:6            Lair (5/5) D:10
  Swamp (0/4) Lair:2        Snake (0/4) Lair:2        Slime (0/5) Lair:4
Ossuary (visited)
    Orc: D:9-12

Altars:
Ashenzari
Cheibriados
Dithmenos
Elyvilon
Fedhas
Gozag
Hepliaklqana
Kikubaaqudgha
Makhleb
Nemelex Xobeh
Okawaru
Qazlal
Ru
Sif Muna
Trog
Uskayaw
Vehumet
Wu Jian
Xom
Yredelemnul
Zin
The Shining One

Shops:
D:10 !

Annotations:
D:10 exclusion: 2 oklob plants


Innate Abilities, Weirdness & Mutations

You are immune to sickness and miasma.
Your stone body is resilient. (AC +9)
You are immune to poison.
You resist negative energy. (rN+)
You are resistant to electric shocks. (rElec)
You are resistant to unholy torment.
You are immune to petrification.
You have large cloven feet.
Your flesh is cold resistant. (rC+)


Message History

The blink frog blinks!
You block the goliath frog's attack.
You recover from your berserk rage.
The blink frog blinks!
The blink frog blinks! x2
The goliath frog hits you from afar.
* * * LOW HITPOINT WARNING * * *
The acid corrodes you!
You are splashed with acid!
* * * LOW HITPOINT WARNING * * *
You block the goliath frog's attack. The cane toad stings you!
* * * LOW HITPOINT WARNING * * *
The goliath frog hits you but does no damage.
The cane toad attacks as you move away! You block the cane toad's attack.
The cane toad attacks as you move away!
The cane toad stings you but does no damage.
The blink frog blinks!
The cane toad attacks as you move away! You block the cane toad's attack.
You feel better. The cane toad closely misses you.
The goliath frog hits you but does no damage.
The cane toad barely misses you.
The blink frog blinks!
The blink frog blinks!
You are no longer corroded.
The blink frog blinks! x2
The goliath frog hits you from afar.
* * * LOW HITPOINT WARNING * * *
You are splashed with acid!
* * * LOW HITPOINT WARNING * * *
The blink frog blinks!
The blink frog blinks!
You block the blink frog's attack.
You closely miss the blink frog. You block the goliath frog's attack.
The blink frog hits you but does no damage.
The goliath frog closely misses you.
A red film seems to cover your vision as you go berserk!
You feel yourself moving faster!
You feel mighty!
You miss the blink frog. You kick the blink frog!
The blink frog is moderately wounded.
The blink frog blinks!
The goliath frog hits you but does no damage.
The cane toad stings you!
You die...

#####
########.#.#######.
#...#.......#......
###..................
#P.....P...##<.......
##.F..§####......##..
#.#...@## ###...#....
###...F.# #.....#..
#.....F#####....P.#.
##P....##............
#......P.............
##.....F............#
##...#.#.............
##..................##
#......§.............#


You could see a goliath frog, a cane toad and 2 blink frogs.

Vanquished Creatures
  2 hydras
  A boulder beetle (Lair:2)
  2 two-headed ogres
  A catoblepas (Lair:1)
  3 deep trolls (D:8)
  10 elephants
  2 black mambas
  Maggie (D:6)
  A rime drake (Lair:1)
  12 cane toads
  4 komodo dragons
  A polar bear (Lair:2)
  3 trolls
  A tyrant leech (Lair:5)
  7 dream sheep (Lair:2)
  6 blink frogs
  A spriggan (Lair:2)
  3 wyverns
  47 yaks
  2 steam dragons
  5 vampire mosquitoes
  Menkaure (D:5)
  Edmund (D:5)
  An acid dragon (D:10)
  4 nagas (Lair:2)
  11 water moccasins
  An ice beast (D:7)
  4 black bears
  2 ogres
  7 wolves
  3 centaurs
  4 phantoms
  A kobold brigand (D:9)
  7 bullfrogs
  15 scorpions
  A gnoll sergeant (D:6)
  A necrophage (D:7)
  16 killer bees
  17 jellies
  7 electric eels (D:8)
  2 howler monkeys
  3 centaur zombies (Ossuary)
  3 orc priests
  2 hounds
  2 gnoll boudas
  Crazy Yiuf (D:5)
  9 iguanas
  4 scorpion zombies (Ossuary)
  5 orc wizards
  3 mummies (Ossuary)
  Robin (D:2)
  18 gnolls
  3 adders
  A worm (D:3)
  2 dart slugs
  33 orcs
  7 endoplasms
  2 giant cockroaches
  11 goblins
  5 hobgoblins
  11 jackals
  14 kobolds
  A quokka (D:4)
  9 ball pythons
  4 bats
  2 gnoll zombies (Ossuary)
  A goblin zombie (Ossuary)
  3 hobgoblin zombies (Ossuary)
  A kobold zombie (Ossuary)
  2 orc zombies (Ossuary)
  7 rats
391 creatures vanquished.

Vanquished Creatures (others)
  8 fungi
  74 plants
82 creatures vanquished.

Grand Total: 473 creatures vanquished

Notes
Turn   | Place    | Note
-------+----------+-------------------------------------------
     0 | D:1      | bande the Gargoyle Fighter began the quest for the Orb.
     0 | D:1      | Reached XP level 1. HP: 14/14 MP: 1/1
    72 | D:1      | Reached XP level 2. HP: 19/19 MP: 2/2
   799 | D:2      | Reached XP level 3. HP: 24/24 MP: 3/3
   808 | D:2      | Identified the +9 mace of Grandeur {vorpal, rPois Will-
                  | Int+6}
   812 | D:2      | Reached skill level 2 in Axes
   944 | D:2      | Noticed Robin
   955 | D:2      | Killed Robin
  1260 | D:2      | Reached XP level 4. HP: 29/29 MP: 4/4
  1714 | D:3      | Found a snail-covered altar of Cheibriados.
  2311 | D:4      | Found an opulent altar of Gozag.
  2357 | D:4      | Found a radiant altar of Vehumet.
  2384 | D:4      | Reached skill level 3 in Axes
  2384 | D:4      | Reached XP level 5. HP: 32/33 MP: 5/5
  2420 | D:4      | Found a sand-covered staircase.
  2430 | Ossuary  | Entered an ossuary
  2448 | Ossuary  | Reached skill level 1 in Evocations
  2485 | Ossuary  | Reached XP level 6. HP: 38/38 MP: 6/6
  2521 | Ossuary  | Reached skill level 4 in Axes
  2559 | Ossuary  | Reached XP level 7. HP: 41/44 MP: 7/7
  2648 | Ossuary  | Reached skill level 5 in Axes
  2747 | Ossuary  | Reached XP level 8. HP: 46/48 MP: 8/8
  2888 | Ossuary  | Reached skill level 5 in Fighting
  2888 | Ossuary  | Reached skill level 5 in Armour
  2891 | Ossuary  | Reached skill level 6 in Axes
  3754 | D:5      | Entered Level 5 of the Dungeon
  3772 | D:5      | Noticed Edmund
  3783 | D:5      | Killed Edmund
  4015 | D:5      | Found a shadowy altar of Dithmenos.
  4024 | D:5      | Identified the +1 leather armour of Xagoll {+Blink}
  4034 | D:5      | Found a glowing silver altar of Zin.
  4239 | D:5      | Found an ornate altar of the Wu Jian Council.
  4258 | D:5      | Noticed Menkaure
  4270 | D:5      | Killed Menkaure
  4271 | D:5      | Reached skill level 5 in Shields
  4271 | D:5      | Reached XP level 9. HP: 40/54 MP: 9/9
  4441 | D:5      | Reached skill level 7 in Axes
  4727 | D:5      | Found a runed translucent door.
  4728 | D:5      | Noticed Crazy Yiuf
  5103 | D:5      | Killed Crazy Yiuf
  5151 | D:6      | Gained mutation: You sometimes lose your temper in combat.
                  | [potion of mutation]
  5151 | D:6      | Gained mutation: Your spells are a little easier to cast,
                  | but a little less powerful. [potion of mutation]
  5151 | D:6      | Gained mutation: You have large cloven feet. [potion of
                  | mutation]
  5151 | D:6      | Gained mutation: Your flesh is cold resistant. (rC+)
                  | [potion of mutation]
  5152 | D:6      | Lost mutation: You sometimes lose your temper in combat.
                  | [potion of mutation]
  5152 | D:6      | Lost mutation: Your spells are a little easier to cast, but
                  | a little less powerful. [potion of mutation]
  5362 | D:6      | Noticed Maggie
  5373 | D:6      | Killed Maggie
  5406 | D:6      | Reached skill level 8 in Axes
  6031 | D:6      | Reached skill level 5 in Evocations
  6050 | D:6      | Found a staircase to the Ecumenical Temple.
  6089 | Temple   | Entered the Ecumenical Temple
  6225 | D:6      | Reached XP level 10. HP: 51/60 MP: 10/10
  7100 | D:7      | Reached skill level 9 in Axes
  8513 | D:8      | Reached XP level 11. HP: 52/67 MP: 11/11
  8516 | D:8      | Reached skill level 10 in Axes
  8850 | D:8      | Noticed a deep troll
  8851 | D:8      | Noticed a deep troll
  8852 | D:8      | Noticed a deep troll
  8879 | D:8      | Killed a deep troll
  8897 | D:8      | Killed a deep troll
  8899 | D:8      | Killed a deep troll
  8902 | D:8      | Found the necklace of Bloodlust {*Rage Will++ Int-3 Slay+6}
  9562 | D:9      | Found a shimmering altar of Xom.
  9586 | D:9      | You fall into a shaft and drop 3 floors!
  9786 | D:10     | Entered Level 10 of the Dungeon
  9968 | D:10     | Found a staircase to the Lair.
  9968 | D:10     | Noticed an oklob plant
  9972 | D:10     | Noticed an oklob plant
 10451 | D:9      | Noticed a two-headed ogre
 10456 | D:9      | Killed a two-headed ogre
 10601 | D:9      | Found a hazy altar of Hepliaklqana.
 10932 | D:9      | Found an iron altar of Okawaru.
 10947 | D:9      | Became a worshipper of Warmaster Okawaru
 11121 | D:10     | Noticed a two-headed ogre
 11125 | D:10     | Reached skill level 11 in Axes
 11128 | D:10     | Killed a two-headed ogre
 11129 | D:10     | Reached skill level 1 in Invocations
 11280 | D:10     | Reached * piety under Okawaru
 11310 | D:10     | Found Atsaabrirgh's Distillery.
 11456 | Lair:1   | Entered Level 1 of the Lair of Beasts
 11476 | Lair:1   | Reached XP level 12. HP: 65/73 MP: 11/13
 11563 | Lair:1   | Reached ** piety under Okawaru
 12170 | Lair:1   | Noticed a catoblepas
 12176 | Lair:1   | Killed a catoblepas
 12239 | Lair:1   | Reached *** piety under Okawaru
 12877 | Lair:2   | Found a staircase to the Swamp.
 12974 | Lair:2   | Reached **** piety under Okawaru
 13064 | Lair:2   | Reached skill level 12 in Axes
 13116 | Lair:2   | Found a staircase to the Snake Pit.
 13130 | Lair:2   | Noticed a boulder beetle
 13153 | Lair:2   | Killed a boulder beetle
 13554 | Lair:2   | Reached XP level 13. HP: 80/80 MP: 16/16
 14501 | Lair:3   | Reached skill level 5 in Invocations
 14876 | Lair:3   | You fall into a shaft and drop 2 floors!
 14876 | Lair:5   | Entered Level 5 of the Lair of Beasts
 14884 | Lair:5   | Reached ***** piety under Okawaru
 14942 | Lair:5   | Identified the +5 hand axe "Bekluqoap" {protect, Contam
                  | Int+2 Dex+3 Stlth+}
 15134 | Lair:4   | Identified the +1 ring mail of the Trilobite {rElec Slay+5}
                  | (Okawaru gifted it to you on level 4 of the Lair of Beasts)
 15134 | Lair:4   | Received a gift from Okawaru
 15407 | Lair:3   | Reached skill level 10 in Armour
 15907 | Lair:4   | Found a staircase to the Slime Pits.
 16321 | Lair:4   | Reached skill level 13 in Axes
 16581 | Lair:5   | Reached skill level 10 in Shields
 16601 | Lair:5   | HP: 2/80 [cane toad (10)]
 16615 | Lair:5   | HP: 2/80 [acid (10)]
 16621 | Lair:5   | Mangled by a cane toad

Illustrated notes

Levels and vault maps discovered:
D:1:      psy_arrival_fountain, layout_loops_ring, minmay_parallelograms,
          minmay_tall_x
D:2:      layout_basic, uniq_robin
D:3:      layout_basic, slow_altar_1, nicolae_titane
D:4:      layout_basic, overflow_temple_1_default, vehumet_crystals,
          nicolae_ossuary_entry_plus
D:5:      layout_loops_corners, zin_treasury,
          mainiacjoe_overflow_small_starburst,
          mainiacjoe_overflow_six_doors_small, uniq_menkaure, uniq_edmund,
          uniq_crazy_yiuf_cottage
D:6:      layout_loops_ring, temple_statues, dreamdust_mushroom_princess,
          small_statue_intersection, uniq_maggie
D:7:      layout_basic, st_stairs_5, kennysheep_generic_room_3
D:8:      layout_cave_pools, serial_bayou, serial_bayou_lagoon_a,
          serial_bayou_crossing, serial_bayou_shore_b, serial_bayou_lagoon_b,
          hellmonk_guarded_unrand_vitality_bloodlust
D:9:      layout_long_grid, nicolae_hepliaklqana_hazy_memory,
          mainiacjoe_overflow_cross_hatched, okawaru_altar_gauntlet_db,
          hangedman_decor_lopped
D:10:     layout_loops_ring, dpeg_oklobed_lair, serial_shops,
          kennysheep_little_box
D:11:     layout_big_octagon, serial_shops, nicolae_shop_advertising_works
          [nicolae_subvault_shop_adworks], nicolae_shop_statue_plus
D:12:     layout_gridville, orc_0_dummy, serial_shops, shop,
          serial_co_window_serial, co_window_of_opportunity_a,
          co_window_corner_a, co_window_of_opportunity_a,
          co_window_of_opportunity_a, co_window_paths_b, co_window_corner_cb,
          co_window_broadway_b, co_window_paths_c, co_window_broadway_a,
          co_window_of_opportunity_b, co_window_4corner_b, glass_columns_a,
          uniq_snorg
Temple:   dshaligram_water_room_temple
Lair:1:   layout_layer_cave, nicolae_volcano_entry_s_turn
Lair:2:   layout_regular_city, swamp_mist, minmay_snake_entry_guardpost_small,
          chequers_serial_rivers_small_3, st_stairs_7,
          grunt_forest_stairs_clearing, serial_bayou_shore_b
Lair:3:   layout_concentric_octagons
Lair:4:   layout_gridlike, minmay_slime_entry_jelly_boxes, grunt_megastairs_4,
          serial_bayou_shore_b
Lair:5:   minmay_lair_end_frog_pond, layout_gridlike

Skill      XL: |  1  2  3  4  5  6  7  8  9 10 11 12 13 |
---------------+----------------------------------------+-----
Axes           | 2 3 4 5 6 8 9 11 12 13 | 13.0
Armour         | 4 5 6 7 8 9 10 | 10.1
Fighting       | 4 5 6 7 8 9 |  9.5
Evocations     | 1 2 4 5 6 7 8 9 |  9.1
Shields        | 4 5 6 7 8 9 10 | 10.0
Invocations    | 1 4 6 |  6.1

Action                   |  1- 3 |  4- 6 |  7- 9 | 10-12 | 13-15 || total
-------------------------+-------+-------+-------+-------+-------++-------
Melee: War axe           |    92 |   121 |   270 |   457 |   124 ||  1064
       Kick              |       |       |    23 |   159 |    50 ||   232
       Mace              |       |       |       |     8 |     7 ||    15
  Use: Scroll            |     5 |     9 |     8 |     3 |       ||    25
       Potion            |       |       |     3 |     3 |     1 ||     7
 Stab: Distracted        |       |       |     1 |       |       ||     1
Armor: Scale mail        |    49 |    79 |    78 |       |       ||   206
       Chain mail        |       |       |    98 |   317 |    76 ||   491
Dodge: Dodged            |    53 |    76 |   102 |   216 |    62 ||   509
Block: Buckler           |    19 |    40 |    45 |       |       ||   104
       Kite shield       |       |       |   112 |   335 |   101 ||   548

Table legend: (Time is in decaauts)
 A = Elapsed time spent in this place.
 B = Non-inter-level travel time spent in this place.
 C = Inter-level travel time spent in this place.
 D = Time resting spent in this place.
 E = Time spent auto-exploring this place.
 F = Levels seen in this place.
 G = Mean time per level.
                   A        B        C        D        E       F      G
               +--------+--------+--------+--------+--------+-----+--------+
         Total |  17359 |  16990 |    369 |   3431 |  10413 |  19 |  913.6 |
       Dungeon |  11086 |  10781 |    305 |   2085 |   6716 |  12 |  923.8 |
        Temple |     95 |     95 |      0 |      0 |     60 |   1 |   95.0 |
          Lair |   5535 |   5471 |     64 |   1346 |   3301 |   5 | 1107.0 |
       Ossuary |    643 |    643 |      0 |      0 |    336 |   1 |  643.0 |
               +--------+--------+--------+--------+--------+-----+--------+

Top non-repeatable levels by time:
     D:5: 1661 daAuts
     D:8: 1659 daAuts
     D:6: 1614 daAuts
  Lair:2: 1551 daAuts
  Lair:1: 1502 daAuts
  Lair:3: 1189 daAuts
    D:10: 1012 daAuts
     D:9: 1010 daAuts
  Lair:4: 953 daAuts
     D:4: 943 daAuts
     D:3: 824 daAuts
     D:1: 802 daAuts
     D:7: 684 daAuts
     D:2: 653 daAuts
 Ossuary: 643 daAuts
